 Dungeon Crawl Stone Soup version 0.21.0 (webtiles) character file.

245 mopl the Caller (level 5, -6/35 HPs)
             Began as a Mummy Summoner on Jan 7, 2018.
             Killed from afar by Dowan (18 damage)
             ... with a puff of flame
             ... on level 4 of the Dungeon.
             The game lasted 00:06:38 (3292 turns).

mopl the Caller (Mummy Summoner)                    Turns: 3292, Time: 00:06:39

Health: -6/35      AC:  3    Str: 12    XL:     5   Next: 83%
Magic:  7/21       EV: 12    Int: 15    God:
Gold:   168        SH:  0    Dex: 12    Spells: 0/13 levels left

rFire    x . .     SeeInvis .   a - +1 spear
rCold    + . .     Gourm    .   (no shield)
rNeg     + + +     Faith    .   g - -1 robe (curse)
rPois    ∞         Spirit   .   m - +1 hat {MR+}
rElec    .         Reflect  .   h - +0 cloak
rCorr    .         Harm     .   (no gloves)
MR       +....                  (no boots)
Stlth    ++........             (no amulet)
HPRegen  0.11/turn              e - ring of magical power
MPRegen  0.17/turn              (no ring)

@: very slightly contaminated
A: no food or potions, fire vulnerability, cold resistance 1, negative energy
resistance 3, torment resistance, unbreathing
a: no special abilities


You were on level 4 of the Dungeon.
You were not hungry.

You visited 1 branch of the dungeon, and saw 4 of its levels.

You collected 168 gold pieces.

Inventory:

Hand Weapons
 a - a +1 spear (weapon)
Armour
 d - a +0 robe
 f - a +0 ring mail of cold resistance
 g - a cursed -1 robe (worn)
 h - a +0 cloak (worn)
 m - a +1 hat of magic resistance (worn)
 n - a +2 ring mail of fire resistance
Jewellery
 e - a ring of magical power (left hand)
Wands
 l - a wand of polymorph (16)
Scrolls
 c - a scroll of immolation
 i - a scroll of enchant weapon
 j - 3 scrolls of fear
 o - 2 scrolls of teleportation {unknown}
Books
 b - a book of Callings

   Spells                             Type                      Level
   a - Summon Small Mammal            Summoning                    1
   b - Call Imp                       Summoning                    2
   c - Call Canine Familiar           Summoning                    3
   d - Summon Guardian Golem          Hexes/Summoning              3
   e - Summon Lightning Spire         Summoning/Air                4
   f - Summon Ice Beast               Ice/Summoning                4


   Skills:
 - Level 1.5 Dodging
 - Level 1.5 Stealth
 + Level 4.8 Spellcasting
 * Level 5.1 Summonings
 + Level 0.4 Ice Magic


You couldn't memorise any spells.
You knew the following spells:

 Your Spells              Type           Power        Failure   Level  Hunger
a - Summon Small Mammal   Summ           ###.         1%          1    N/A
b - Call Imp              Summ           ###.....     3%          2    N/A
c - Call Canine Familiar  Summ           ###.....     6%          3    N/A
d - Summon Ice Beast      Ice/Summ       ##......     45%         4    N/A
g - Summon Guardian Gole  Hex/Summ       ##......     17%         3    N/A

Dungeon Overview and Level Annotations

Branches:
Dungeon (4/15)             Temple (0/1) D:4

Altars:
The Shining One

Annotations:
D:4 Dowan, Duvessa


Innate Abilities, Weirdness & Mutations

You do not eat or drink.
Your flesh is vulnerable to fire.
You are immune to poison.
Your flesh is cold resistant. (rC+)
You are immune to negative energy. (rN+++)
You are immune to unholy pain and torment.
You can survive without breathing.


Message History

Your crimson imp blinks!
Unknown command.
You hit Dowan.
Dowan is severely wounded.
Your hound bites Dowan.
Dowan closely misses your hound.
Your crimson imp hits Dowan but does no damage.
Duvessa misses your crimson imp.
Your hound closely misses Dowan.
Unknown command.
You hit Dowan but do no damage.
Dowan is almost dead.
Dowan hits you with a dagger.
Your crimson imp closely misses Dowan.
Your hound barely misses Dowan.
Duvessa hits your crimson imp but does no damage.
The hound misses your crimson imp.
Unknown command.
You swap places.
Your hound bites Dowan.
Dowan points at you and mumbles some strange words.
The puff of flame hits you! The fire burns you terribly!
Ouch! That really hurt!
You die...

###.# ....# #5# .###
##'###.####
#o...#.##.+#######
####(...#.##.##§≈≈≈≈§
#...eh..#.##..#≈§...§
#.h85.[....#..#≈..##⌠
#..e5..#####..'..#h5#
#.%.@..# #..'..#5!#
#......#####..#≈)⌠##.
#......'......#≈....†
#......######.#≈≈§≈≈≈
#####'## #.#######
#.#######.#
#.........#
#.######### ###


You could see Duvessa, Dowan, a hound, an orc, a friendly guardian golem, a
friendly hound, a friendly iron imp and 2 friendly crimson imps.

Vanquished Creatures
  3 adders
  An ooze (D:2)
  2 leopard geckos (D:3)
  2 orcs (D:3)
  2 goblins
  2 hobgoblins (D:2)
  3 jackals (D:3)
  A kobold (D:1)
  6 bats
  4 frilled lizards
  6 rats
32 creatures vanquished.

Vanquished Creatures (collateral kills)
  A scorpion (D:4)
  An orc priest (D:3)
  A hound (D:4)
  Natasha (thrice) (D:2)
  An orc wizard (D:3)
  Robin (D:2)
  An adder (D:3)
  2 leopard geckos
  An orc (D:3)
  A bat (D:3)
  3 giant cockroaches
  13 goblins
  6 hobgoblins
  4 jackals (D:3)
  3 kobolds
  A quokka (D:3)
  A ball python (D:3)
  2 frilled lizards
  A giant cockroach zombie (D:3)
  A leopard gecko skeleton (D:3)
  11 rats
59 creatures vanquished.

Grand Total: 91 creatures vanquished

Notes
Turn   | Place    | Note
-------+----------+-------------------------------------------
     0 | D:1      | mopl the Mummy Summoner began the quest for the Orb.
     0 | D:1      | Reached XP level 1. HP: 13/13 MP: 4/4
   132 | D:1      | Reached skill level 3 in Spellcasting
   138 | D:1      | Reached XP level 2. HP: 8/19 MP: 3/6
   316 | D:1      | Learned a level 2 spell: Call Imp
  1230 | D:2      | Found a faded altar of an unknown god.
  1234 | D:2      | Noticed Natasha
  1240 | D:2      | Noticed a crimson imp
  1245 | D:2      | Killed Natasha
  1245 | D:2      | Reached skill level 4 in Summonings
  1245 | D:2      | Reached XP level 3. HP: 18/24 MP: 4/8
  1250 | D:2      | Learned a level 3 spell: Call Canine Familiar
  1254 | D:2      | Learned a level 3 spell: Summon Guardian Golem
  1756 | D:2      | Noticed Robin
  1772 | D:2      | Killed Robin
  1772 | D:2      | Reached XP level 4. HP: 14/30 MP: 3/9
  2099 | D:2      | Noticed Natasha
  2103 | D:2      | Killed Natasha
  2103 | D:2      | Reached skill level 4 in Spellcasting
  2287 | D:2      | Noticed Natasha
  2293 | D:2      | Killed Natasha
  2413 | D:3      | Reached XP level 5. HP: 29/35 MP: 7/11
  2892 | D:3      | Reached skill level 5 in Summonings
  2898 | D:3      | Found a glowing golden altar of the Shining One.
  2937 | D:3      | Learned a level 4 spell: Summon Ice Beast
  3267 | D:4      | Found a staircase to the Ecumenical Temple.
  3267 | D:4      | Noticed Duvessa
  3267 | D:4      | Noticed Dowan
  3292 | D:4      | Killed from afar by Dowan

Skill      XL: |  1  2  3  4  5 |
---------------+----------------+-----
Spellcasting   | 3 4 |  4.8
Summonings     | 4 5 |  5.1
Dodging        | |  1.5
Stealth        | |  1.5
Ice Magic      | |  0.4

Action                   |  1- 3 |  4- 6 || total
-------------------------+-------+-------++-------
Melee: Unarmed           |    57 |       ||    57
       Spear             |    55 |    99 ||   154
Throw: Throwing net      |       |     1 ||     1
 Cast: Summon Small Mamm |    15 |       ||    15
       Call Imp          |    12 |    17 ||    29
       Call Canine Famil |     2 |    11 ||    13
       Summon Guardian G |       |     1 ||     1
  Use: Scroll            |       |     5 ||     5
 Stab: Sleeping          |     1 |     2 ||     3
       Distracted        |       |     1 ||     1
Armor: Robe              |    20 |    20 ||    40
Dodge: Dodged            |   108 |    61 ||   169
